 Dungeon Crawl Stone Soup version 0.19-a0-414-g76fec5b (webtiles) character file.

76905 Kidiri the Arsonist (level 15, -11/84 HPs)
             Began as a Deep Elf Fire Elementalist on May 31, 2016.
             Was a High Priest of Vehumet.
             Mangled by tstbtto's ghost (27 damage)
             ... on level 2 of the Lair of Beasts.
             The game lasted 02:41:15 (37543 turns).

Kidiri the Arsonist (Deep Elf Fire Elementalist)   Turns: 37543, Time: 02:41:16

Health: -11/84     AC: 27    Str: 12    XL:     15   Next: 13%
Magic:  4/21       EV: 20    Int: 25    God:    Vehumet [*****.]
Gold:   3165       SH:  7    Dex: 19    Spells: 10 memorised, 5 levels left

rFire  + + .     SeeInvis .     o - +4 short sword (protect)
rCold  . . .     Gourm    .     N - +3 leather armour
rNeg   . . .     Faith    .     h - +1 buckler
rPois  +         Spirit   .     l - +1 helmet
rElec  +         Dismiss  .     s - +1 cloak {MR+}
rCorr  .         Reflect  .     n - +1 pair of gloves
SustAt .         Harm     +     B - +0 pair of boots
MR     ++...                    Q - amulet of Cefut {Harm *Drain rElec rF++ MP-9 Str+2}
Stlth  +++.......               j - +3 ring of protection
                                M - ring "Ravix" {Dex+5 Stlth+}

@: mighty, very slightly contaminated, very resistant to hostile enchantments,
fairly stealthy
A: icy blue scales 1, rough black scales 1, dopey 1, low mp 1, poison resistance
a: Renounce Religion


You were on level 2 of the Lair of Beasts.
You worshipped Vehumet.
Vehumet was extremely pleased with you.
You were not hungry.

You visited 4 branches of the dungeon, and saw 25 of its levels.
You also visited: Labyrinth and Ice Cave.

You collected 3165 gold pieces.

Inventory:

Hand Weapons
 o - a +4 short sword of protection (weapon)
Armour
 h - a +1 buckler (worn)
 l - a +1 helmet (worn)
 n - a +1 pair of gloves (worn)
 s - a +1 cloak of magic resistance (worn)
 B - a +0 pair of boots (worn)
 N - a +3 leather armour (worn)
Magical Staves
 i - an uncursed staff of fire
 I - an uncursed staff of conjuration
Jewellery
 f - an uncursed ring of protection from fire
 j - a +3 ring of protection (right hand)
 y - an uncursed ring of see invisible
 E - an uncursed ring of magical power
 K - an uncursed ring of magical power
 M - the ring "Ravix" (left hand) {Dex+5 Stlth+}
   (You acquired it on level 12 of the Dungeon)

   [ring of stealth]

   It affects your dexterity (+5).
   It makes you more stealthy.
 Q - the amulet of Cefut (around neck) {Harm *Drain rElec rF++ MP-9 Str+2}
   (You found it in an ice cave)

   [amulet of harm]

   It increases damage dealt and taken.
   It affects your strength (+2).
   It greatly protects you from fire.
   It insulates you from electricity.
   It affects your magic capacity (-9).
 U - an uncursed amulet of dismissal
Wands
 d - a wand of hasting (4/9)
 e - a wand of polymorph (3/24)
 r - a wand of paralysis (8/24)
 u - a wand of disintegration (2/24)
 C - a wand of iceblast (5/15)
 G - a wand of lightning (0/15)
Scrolls
 k - a scroll of fog
 m - 2 scrolls of vulnerability
 p - 5 scrolls of remove curse
 q - 2 scrolls of fear
 J - 4 scrolls of amnesia
 L - 4 scrolls of recharging
 Y - 2 scrolls of magic mapping
Potions
 b - a potion of might
 g - a potion of cancellation
 D - 2 potions of flight
 F - 2 potions of ambrosia
 H - a potion of brilliance
 O - 3 potions of lignification
Books
 P - a book of Clouds

   Spells                             Type                      Level
   a - Mephitic Cloud                 Conjuration/Poison/Air       3
   b - Conjure Flame                  Conjuration/Fire             3
   c - Poisonous Cloud                Conjuration/Poison/Air       6
   d - Freezing Cloud                 Conjuration/Ice/Air          6
   e - Ring of Flames                 Charms/Fire                  7
Comestibles
 a - 10 meat rations
 c - 7 bread rations
 v - 3 beef jerkies
 x - 45 fruits
 z - a royal jelly


   Skills:
 + Level 6.5 Fighting
 + Level 8.0 Short Blades
 - Level 6.0 Armour
 - Level 10.0 Dodging
 - Level 2.4 Stealth
 - Level 4.0 Shields
 + Level 12.1 Spellcasting
 + Level 9.7 Conjurations
 * Level 13.9 Fire Magic
 * Level 10.4 Air Magic
 + Level 8.5 Evocations


You had 5 spell levels left.
You knew the following spells:

 Your Spells              Type           Power        Failure   Level  Hunger
a - Flame Tongue          Conj/Fire      #####        1%          1    None
b - Throw Flame           Conj/Fire      ######       1%          2    None
c - Conjure Flame         Conj/Fire      ######..     1%          3    None
d - Inner Flame           Hex/Fire       ######..     1%          3    None
e - Sticky Flame          Conj/Fire      ######..     1%          4    None
f - Fireball              Conj/Fire      ######....   1%          5    ###....
g - Swiftness             Chrm/Air       #####...     1%          2    None
h - Ignite Poison         Fire/Tmut/Pois #####...     1%          3    None
i - Mephitic Cloud        Conj/Pois/Air  #####...     1%          3    None
j - Ring of Flames        Chrm/Fire      ######....   99%         7    ######.


Dungeon Overview and Level Annotations

Branches:
Dungeon (14/15)            Temple (1/1) D:5            Lair (8/8) D:11
 Shoals (0/4) Lair:6       Spider (0/4) Lair:3        Slime (0/6) Lair:7
    Orc (2/2) D:10            Elf (0/3) Orc:2        Vaults (0/5) D:13

Altars:
Ashenzari
Cheibriados
Dithmenos
Elyvilon
Fedhas
Gozag
Hepliaklqana
Kikubaaqudgha
Makhleb
Nemelex Xobeh
Okawaru
Pakellas
Qazlal
Ru
Sif Muna
Trog
Uskayaw
Vehumet
Xom
Yredelemnul
Zin
The Shining One
Beogh
Jiyva

Shops:
D:7 ((   Orc:2 (

Annotations:
D:2 exclusion: oklob plant
D:14 Duffy's ghost, journeyman TrFi
Lair:2 tstbtto's ghost, journeyman MiCK


Innate Abilities, Weirdness & Mutations

You are partially covered in icy blue scales. (AC +1)
You are partially covered in rough black scales. (AC +4, Dex -1)
You are dopey. (Int -2)
Your magical capacity is low. (-10% MP)
Your system is resistant to poisons. (rPois)


Message History

Okay, then.
Unknown command.
Unknown command.
Casting: Flame Tongue
Confirm with . or Enter, or press ? or * to list all spells.
Aiming: Sticky Flame
Press: ? - help, Shift-Dir - straight line, f/p - tstbtto's ghost
Aim: tstbtto's ghost (almost destroyed)
The sticky flame hits tstbtto's ghost.
Tstbtto's ghost is almost destroyed.
Tstbtto's ghost lets out a mournful wail.
You block tstbtto's ghost's attack.
Unknown command.
You flicker for a moment.
You flicker back into view.
You see here a blowgun.
You feel a little less agile now.
Tstbtto's ghost says, "You will join me soon!"
Tstbtto's ghost hits you!!
You die...

...PP.....P......................
#......8...)...8............##.P.
......P.P..................+...#.
.>.........................#.....
..♣.....8P....8.....P........###.
..<........8.....................
#..♣♣...P.........P.P#P...#.####P
#..............WPP.########## ##
##...♣..........@...#
##....♣♣.....♣...###
##..........♣#### #P##......##
#####P###.# ### ###


You could see tstbtto's ghost.

Vanquished Creatures
  A storm dragon (shapeshifter) (D:13)
  Nessos (Lair:6)
  Azrael (D:12)
  A fire dragon (D:13)
  Josephine (Lair:4)
  Fannar (D:11)
  3 hydras
  3 ice dragons
  A centaur warrior (D:13)
  A catoblepas (Lair:3)
  6 death yaks (Lair:7)
  A shock serpent (shapeshifter) (D:13)
  2 skeletal warriors (D:14)
  An iron troll (D:13)
  4 hill giants
  Pikel (D:9)
  2 orc knights (Orc:2)
  3 oklob plants
  3 griffons
  An orc sorcerer (Orc:1)
  A cyclops (D:13)
  A manticore (D:13)
  5 ugly things
  A hornet (shapeshifter) (D:13)
  4 black mambas
  9 elephants
  Maurice (D:9)
  2 ice statues (IceCv)
  2 torpor snails (Lair:4)
  6 spiny frogs
  3 kobold demonologists
  An efreet (D:14)
  5 rime drakes
  8 komodo dragons
  A tengu conjurer (D:11)
  The ghost of Kidiri the Firebug, a novice DEFE (D:4)
  2 polar bears (Lair:4)
  4 trolls
  8 blink frogs
  A two-headed ogre (D:12)
  A hornet zombie (D:13)
  Prince Ribbit (D:6)
  8 slime creatures
  Sigmund (D:3)
  2 redbacks (Lair:3)
  A vampire (D:10)
  3 wraiths (Lair:4)
  A spriggan (Lair:2)
  5 wyverns
  55 yaks
  3 shadows
  2 fire elementals (D:12)
  3 vampire mosquitoes
  8 basilisks
  7 hippogriffs
  5 hungry ghosts
  A steam dragon (Lair:3)
  A warg (Orc:1)
  12 water moccasins
  9 porcupines
  4 hell hounds (D:12)
  24 orc warriors
  14 ice beasts (IceCv)
  2 wasps
  14 ogres
  2 sky beasts
  2 slaves (D:9)
  32 wolves
  2 phantoms
  The ghost of Inverse the Charlatan, an amateur DsAr (D:3)
  10 centaurs
  15 crocodiles
  15 big kobolds
  20 giant frogs
  Blork the orc (D:5)
  A wyvern zombie (D:13)
  A water moccasin zombie (D:8)
  A wyvern skeleton (D:11)
  4 scorpions
  4 wights (D:8)
  6 howler monkeys
  2 centaur zombies
  2 giant frog zombies
  6 crimson imps
  5 hounds
  2 quasits
  4 centaur skeletons
  19 orc wizards
  2 giant frog skeletons
  19 orc priests
  9 jellies
  Crazy Yiuf (D:3)
  Ijyb (D:3)
  17 iguanas
  Natasha (twice) (D:3)
  7 worker ants
  2 hell rats (Lair:6)
  2 hound skeletons
  A worker ant zombie (D:5)
  Robin (D:3)
  2 gnolls (D:6)
  9 adders
  68 river rats
  7 shadow imps
  18 oozes
  3 adder skeletons
  3 worms
  5 dart slugs
  7 giant geckos
  108 orcs
  22 bats
  6 giant cockroaches
  16 goblins
  6 hobgoblins (D:3)
  4 jackals (D:4)
  26 kobolds
  4 quokkas
  2 ball pythons
  2 giant gecko skeletons (D:7)
  4 giant newts
  A jackal skeleton (D:5)
  A quokka skeleton (D:4)
  19 rats
  4 bushes (Lair:2)
  A plant (Lair:4)
860 creatures vanquished.

Vanquished Creatures (others)
  A slave (D:9)
  A swamp drake (D:10)
  A bush (Lair:2)
  38 fungi
  8 plants
49 creatures vanquished.

Grand Total: 909 creatures vanquished

Notes
Turn   | Place    | Note
--------------------------------------------------------------
     0 | D:1      | Kidiri the Deep Elf Fire Elementalist began the quest for the Orb.
     0 | D:1      | Reached XP level 1. HP: 10/10 MP: 6/6
   408 | D:1      | Reached XP level 2. HP: 15/15 MP: 5/8
   415 | D:1      | Learned a level 2 spell: Throw Flame
  1051 | D:2      | Found a faded altar of an unknown god.
  1057 | D:2      | Reached skill level 4 in Fire Magic
  1131 | D:2      | Reached XP level 3. HP: 19/19 MP: 6/9
  1136 | D:2      | Learned a level 3 spell: Conjure Flame
  1659 | D:2      | Found a blossoming altar of Fedhas.
  1673 | D:2      | Noticed an oklob plant
  1861 | D:2      | Learned a level 3 spell: Inner Flame
  1887 | D:3      | Noticed Ijyb
  1896 | D:3      | Killed Ijyb
  1896 | D:3      | Reached XP level 4. HP: 19/24 MP: 4/11
  1997 | D:3      | Noticed Robin
  2277 | D:3      | Killed Robin
  2404 | D:3      | Noticed Sigmund
  2416 | D:3      | Noticed Natasha
  2769 | D:3      | Killed Sigmund
  2769 | D:3      | Reached skill level 5 in Fire Magic
  2769 | D:3      | Reached XP level 5. HP: 19/28 MP: 9/14
  2769 | D:3      | Reached XP level 6. HP: 22/32 MP: 9/15
  2773 | D:3      | Killed Natasha
  2773 | D:3      | Reached skill level 5 in Spellcasting
  2894 | D:3      | Learned a level 4 spell: Sticky Flame
  2938 | D:3      | Noticed Inverse's ghost (amateur DsAr)
  3236 | D:3      | Killed Inverse's ghost
  3236 | D:3      | Reached skill level 6 in Fire Magic
  3702 | D:3      | Noticed Crazy Yiuf
  3710 | D:3      | Killed Crazy Yiuf
  4022 | D:3      | Noticed Natasha
  4027 | D:3      | Killed Natasha
  4178 | D:4      | Reached XP level 7. HP: 36/36 MP: 7/17
  4302 | D:4      | Reached skill level 1 in Armour
  4460 | D:4      | Noticed Kidiri's ghost (novice DEFE)
  5419 | D:4      | Reached skill level 1 in Short Blades
  5470 | D:4      | Killed Kidiri's ghost
  5470 | D:4      | Reached skill level 1 in Fighting
  5470 | D:4      | Reached skill level 1 in Shields
  5714 | D:4      | Reached skill level 7 in Fire Magic
  5964 | D:5      | Entered Level 5 of the Dungeon
  6166 | D:5      | Reached XP level 8. HP: 23/43 MP: 7/19
  6175 | D:5      | Learned a level 5 spell: Fireball
  6745 | D:5      | Noticed Blork the orc
  6749 | D:5      | Killed Blork the orc
  7016 | D:5      | Found a staircase to the Ecumenical Temple.
  7029 | Temple   | Entered the Ecumenical Temple
  7280 | Temple   | Became a worshipper of Vehumet
  7515 | D:5      | Found an opulent altar of Gozag.
  7735 | D:6      | Reached skill level 1 in Evocations
  7873 | D:6      | Noticed Prince Ribbit
  7881 | D:6      | Killed Prince Ribbit
  7976 | D:6      | Reached XP level 9. HP: 49/49 MP: 17/21
  8123 | D:6      | Reached skill level 8 in Fire Magic
  8245 | D:6      | Found a glowing golden altar of the Shining One.
  8247 | D:6      | Noticed an angel
  8262 | D:6      | Found a basalt altar of Yredelemnul.
  8264 | D:6      | Noticed a profane servitor
  8272 | D:6      | Reached skill level 5 in Conjurations
  8278 | D:6      | Got an ichor-stained robe
  8289 | D:6      | Identified the cursed -5 robe of Misfortune {-Cast *Contam *Tele EV-4 Str-2 Int-2 Dex-2 Stlth-- *Curse} (You found it on level 6 of the Dungeon)
  8348 | D:6      | Gained mutation: Your spells are a little easier to cast, but a little less powerful. [mutagenic glow]
  9425 | D:7      | Found an ancient bone altar of Kikubaaqudgha.
  9435 | D:7      | Found a shimmering altar of Xom.
  9436 | D:7      | Found a glowing silver altar of Zin.
  9440 | D:7      | Found a burning altar of Makhleb.
  9762 | D:7      | Found a snail-covered altar of Cheibriados.
  9799 | D:7      | Reached * piety under Vehumet
  9799 | D:7      | Offered knowledge of Sting by Vehumet.
 10164 | D:7      | Found Wampeoxzi's Weapon Shoppe.
 10239 | D:7      | Found Hiagekh's Weapon Shoppe.
 10558 | D:7      | Found a shattered altar of Ashenzari.
 10594 | D:8      | Reached skill level 5 in Dodging
 11219 | D:8      | Reached skill level 9 in Fire Magic
 11309 | D:8      | Learned a level 2 spell: Swiftness
 11722 | D:8      | Reached XP level 10. HP: 56/56 MP: 23/23
 11748 | D:8      | Reached skill level 1 in Air Magic
 11907 | D:8      | Reached ** piety under Vehumet
 11907 | D:8      | Offered knowledge of Magic Dart by Vehumet.
 12498 | D:9      | Noticed Maurice
 12510 | D:9      | Killed Maurice
 12604 | D:9      | Noticed Pikel
 12617 | D:9      | Killed Pikel
 13076 | D:10     | Entered Level 10 of the Dungeon
 13401 | D:10     | Noticed a hill giant
 13528 | D:10     | Killed a hill giant
 13528 | D:10     | Offered knowledge of Dazzling Spray by Vehumet.
 13810 | D:10     | Noticed a hill giant
 13854 | D:10     | Killed a hill giant
 13854 | D:10     | Reached XP level 11. HP: 61/61 MP: 21/25
 13869 | D:10     | Reached *** piety under Vehumet
 14173 | D:10     | Found a staircase to the Orcish Mines.
 14470 | D:10     | Found a sacrificial altar of Ru.
 14471 | D:10     | Gained mutation: You have a somewhat thin skeletal structure. (Dex +2, Stealth) [potion of mutation]
 14471 | D:10     | Gained mutation: You have a pair of small horns on your head. [potion of mutation]
 14472 | D:10     | Gained mutation: You are partially covered in rough black scales. (AC +4, Dex -1) [potion of mutation]
 14472 | D:10     | Gained mutation: You are weak. (Str -2) [potion of mutation]
 14473 | D:10     | Gained mutation: You are partially covered in icy blue scales. (AC +1) [potion of mutation]
 14473 | D:10     | Lost mutation: You have a pair of small horns on your head. [potion of mutation]
 14474 | D:10     | Gained mutation: Your system is resistant to poisons. (rPois) [potion of mutation]
 14474 | D:10     | Gained mutation: You expend magic power (3 MP) to strengthen your wands. [potion of mutation]
 14474 | D:10     | Lost mutation: Your spells are a little easier to cast, but a little less powerful. [potion of mutation]
 14516 | D:10     | Noticed a griffon
 14529 | D:10     | Killed a griffon
 14529 | D:10     | Reached skill level 10 in Fire Magic
 14673 | D:10     | Offered knowledge of Ignite Poison by Vehumet.
 14694 | D:10     | Learned a level 3 spell: Ignite Poison
 14998 | D:11     | Reached **** piety under Vehumet
 15048 | D:11     | Offered knowledge of Mephitic Cloud by Vehumet.
 15051 | D:11     | Found a labyrinth entrance.
 15087 | Lab      | Entered a labyrinth
 15703 | Lab      | Noticed a minotaur
 15742 | Lab      | Got a heavily runed bone ring
 15764 | D:11     | Identified the ring of Acysyt {Str+2 Stlth-} (You found it in a labyrinth)
 15924 | D:11     | Learned a level 3 spell: Mephitic Cloud
 16027 | D:11     | Noticed a hill giant
 16036 | D:11     | Killed a hill giant
 16244 | D:11     | Reached skill level 5 in Short Blades
 16432 | D:11     | Found a staircase to the Lair.
 16583 | D:11     | Noticed Fannar
 17080 | D:11     | Noticed a cyan ugly thing
 17090 | D:11     | Killed a cyan ugly thing
 17090 | D:11     | Reached skill level 5 in Air Magic
 17195 | D:11     | Killed Fannar
 17325 | D:11     | Reached ***** piety under Vehumet
 17469 | D:11     | Offered knowledge of Conjure Ball Lightning by Vehumet.
 17871 | Lair:1   | Entered Level 1 of the Lair of Beasts
 17901 | Lair:1   | Reached skill level 5 in Evocations
 18672 | Lair:1   | Noticed an oklob plant
 19133 | Lair:1   | Killed an oklob plant
 19133 | Lair:1   | Reached XP level 12. HP: 54/67 MP: 26/27
 19243 | Lair:1   | Reached skill level 11 in Fire Magic
 20301 | Lair:2   | Noticed tstbtto's ghost (journeyman MiCK)
 20989 | Lair:3   | Reached skill level 5 in Armour
 21448 | Lair:3   | Noticed an eight-headed hydra
 21468 | Lair:3   | Killed an eight-headed hydra
 21468 | Lair:3   | Reached skill level 10 in Spellcasting
 21633 | Lair:3   | Offered knowledge of Poison Arrow by Vehumet.
 21827 | Lair:3   | Found a hole to the Spider Nest.
 22412 | Lair:3   | Noticed a catoblepas
 22435 | Lair:3   | Killed a catoblepas
 22435 | Lair:3   | Reached skill level 5 in Fighting
 23288 | Lair:4   | Reached XP level 13. HP: 68/72 MP: 5/29
 23773 | Lair:4   | Noticed Josephine
 23784 | Lair:4   | Killed Josephine
 24118 | Lair:4   | Reached skill level 12 in Fire Magic
 24211 | Lair:4   | Learned a level 7 spell: Ring of Flames
 24222 | Lair:4   | Offered knowledge of Iron Shot by Vehumet.
 25028 | Lair:5   | Found a frozen archway.
 25063 | Lair:5   | Noticed Nessos
 25069 | Lair:5   | Found a burning altar of Makhleb.
 25163 | IceCv    | Entered an ice cave
 25990 | IceCv    | Got a slimy steel ring
 25998 | IceCv    | Got a scintillating crystal amulet
 26078 | IceCv    | Identified the amulet of Cefut {Harm *Drain rElec rF++ MP-9 Str+2} (You found it in an ice cave)
 26080 | IceCv    | Identified the ring "Xaor" {Dex+2 Stlth-} (You found it in an ice cave)
 27269 | Lair:6   | Found a staircase to the Shoals.
 27588 | Lair:6   | Killed Nessos
 28447 | Lair:6   | Reached XP level 14. HP: 79/79 MP: 25/31
 29394 | Lair:7   | Reached skill level 13 in Fire Magic
 30033 | Lair:7   | Found a runed door.
 30034 | Lair:7   | Found a viscous altar of Jiyva.
 30035 | Lair:7   | Found a staircase to the Slime Pits.
 30297 | Lair:8   | Entered Level 8 of the Lair of Beasts
 30561 | Orc:1    | Entered Level 1 of the Orcish Mines
 30789 | Orc:1    | Offered knowledge of Lightning Bolt by Vehumet.
 30816 | Orc:1    | Found a roughly hewn altar of Beogh.
 31120 | Orc:2    | Entered Level 2 of the Orcish Mines
 31120 | Orc:2    | Found a staircase to the Elven Halls.
 31715 | Orc:2    | Found a roughly hewn altar of Beogh.
 31716 | Orc:2    | Found Rewaomum's Antique Weapon Shop.
 31765 | Orc:2    | Noticed an orc warlord
 32556 | D:12     | Got a dazzling leather armour
 32567 | D:12     | Identified the +2 leather armour "Raiciffu" {MP+9 Str+2 Int-3 Stlth+} (You found it on level 12 of the Dungeon)
 33466 | D:12     | Noticed Azrael
 33910 | D:12     | Killed Azrael
 33910 | D:12     | Reached skill level 10 in Air Magic
 34120 | D:12     | Identified a scroll of acquirement
 34122 | D:12     | Got a translucent lead ring
 34124 | D:12     | Identified the ring "Ravix" {Dex+5 Stlth+} (You acquired it on level 12 of the Dungeon)
 34307 | D:13     | Offered knowledge of Orb of Destruction by Vehumet.
 34534 | D:13     | HP: 4/80 [very large slime creature (68)]
 35270 | D:13     | Gained mutation: You have a pair of small horns on your head. [mutagenic meat]
 35271 | D:13     | Lost mutation: You have a somewhat thin skeletal structure. (Dex +2, Stealth) [mutagenic meat]
 35366 | D:13     | Noticed a storm dragon
 35366 | D:13     | a death yak changed into a storm dragon
 35393 | D:13     | Killed a storm dragon
 35393 | D:13     | Reached skill level 10 in Dodging
 35397 | D:13     | Gained mutation: Your magical capacity is low. (-10% MP) [mutagenic meat]
 35398 | D:13     | Gained mutation: You are dopey. (Int -2) [mutagenic meat]
 36011 | D:13     | Found a gate to the Vaults.
 36074 | D:13     | Reached XP level 15. HP: 64/84 MP: 14/29
 36079 | D:13     | Lost mutation: You expend magic power (3 MP) to strengthen your wands. [potion of cure mutation]
 36079 | D:13     | Lost mutation: You are weak. (Str -2) [potion of cure mutation]
 36079 | D:13     | Lost mutation: You have a pair of small horns on your head. [potion of cure mutation]
 37151 | D:14     | Noticed Duffy's ghost (journeyman TrFi)
 37492 | Lair:2   | HP: 1/84 [tstbtto's ghost (13)]
 37543 | Lair:2   | Mangled by tstbtto's ghost

Vault maps used:
D:1:      tarquinn_simple_flora_water_c, st_stairs_8,
          minmay_misc_feat_more_columns, nrook_uturn
D:2:      minmay_door_path, tgw_fedhas, ecumenical_altar_1, hex_medium
D:3:      uniq_iyjb, uniq_robin, uniq_crazy_yiuf_cottage, uniq_sigmund,
          uniq_natasha
D:4:      first_bread, minmay_misc_feat_square
D:5:      lemuel_doored_altar, minmay_temple_entry_statues_pillars,
          uniq_blork_the_orc
D:6:      grunt_temple_overflow_holy_war, uniq_prince_ribbit1
D:7:      cheibrodos_worm_habitat, nicolae_overflow_hidden_temple,
          grunt_temple_overflow_open, serial_shops, nicolae_shop_trees, shop
D:8:      special_room
D:9:      uniq_maurice, uniq_pikel
D:10:     erik_orc_1, nicolae_ru_path_of_blood
D:11:     grunt_lair_entry_orc_guard_hut, special_room, lab_entry_generic,
          kennysheep_path_1, grunt_tengu_nest, uniq_fannar
D:12:     uniq_azrael
D:13:     david_vaults_4
D:14:     grunt_decor_one_mirror, serial_shops, shop, kennysheep_generic_room_2
Temple:   triangle_lava_temple_12
Lair:1:   lemuel_slime
Lair:2:   minmay_hedge_maze, fungi_pond_lemuel, grunt_forest_large_clearings
Lair:3:   spider_nest_entry_webs, bobbens_dragon_lair_wall, grunt_megastairs_2
Lair:4:   uniq_josephine
Lair:5:   minmay_lair_oklob_items, basic_altar, portal_ice_cave_entry_pillars_1,
          bh_chokoban, nicolae_quartered_pool_super, grunt_megastairs_4,
          uniq_nessos
Lair:6:   kennysheep_abandoned_house, elwin_shoals_entry_rocks,
          bh_autumn_forest_stairs
Lair:7:   dragon1_lemuel, slime_altar_2
Lair:8:   grunt_lair_end_beastmaster, wad_woods_antlair, serial_bayou_shore_b
Orc:1:    mines2_david
Orc:2:    grunt_orc_community_town_hall, grunt_orc_community_big_house_1,
          grunt_orc_community_big_house_1, grunt_orc_community_house_3,
          grunt_orc_community_house_1, grunt_orc_community_house_1,
          grunt_orc_community_house_3, grunt_orc_community_house_2,
          grunt_orc_community_house_1, amalloy_card_club, uniq_rupert
Lab:      nicolae_lab_dead_adventurers, nicolae_lab_hexagon,
          nicolae_lab_t_cross, nicolae_lab_very_dead_end,
          labyrinth_skeletal_remains, nicolae_lab_grate_2, nicolae_lab_blocks,
          nicolae_lab_quarters, nicolae_lab_grate, nicolae_lab_swirl
IceCv:    ice_cave_small_dragons

Skill      XL: |  1  2  3  4  5  6  7  8  9 10 11 12 13 14 15 |
---------------+----------------------------------------------+-----
Conjurations   | 2 3 4 5 6 7 8 9 |  9.7
Fire Magic     | 4 5 6 7 9 10 11 12 13 | 13.9
Spellcasting   | 4 5 6 7 8 9 10 11 12 | 12.1
Armour         | 1 2 3 4 5 6 |  6.0
Short Blades   | 1 2 3 4 5 6 7 8 |  8.0
Fighting       | 1 2 3 4 5 6 |  6.5
Dodging        | 3 4 5 6 7 8 9 10 | 10.0
Shields        | 1 2 3 4 |  4.0
Evocations     | 1 2 3 5 6 7 8 |  8.5
Air Magic      | 3 5 7 8 10 | 10.4
Stealth        | |  2.4

Action                   |  1- 3 |  4- 6 |  7- 9 | 10-12 | 13-15 || total
-------------------------+-------+-------+-------+-------+-------++-------
Melee: Unarmed           |     5 |       |       |       |       ||     5
       Mace              |     2 |       |    58 |       |       ||    60
       Dagger            |     3 |     8 |       |       |       ||    11
       Long sword        |       |       |   111 |    40 |       ||   151
       Short sword       |       |       |    16 |   228 |   594 ||   838
       Staff             |       |       |       |    34 |     1 ||    35
       Headbutt          |       |       |       |       |     3 ||     3
 Cast: Flame Tongue      |    36 |    75 |   223 |   546 |   598 ||  1478
       Throw Flame       |    14 |    28 |    68 |    85 |   119 ||   314
       Conjure Flame     |       |     2 |     8 |    20 |    20 ||    50
       Sticky Flame      |       |     1 |    19 |   109 |   150 ||   279
       Inner Flame       |       |       |     6 |     9 |     4 ||    19
       Fireball          |       |       |     3 |    33 |    45 ||    81
       Swiftness         |       |       |       |     1 |     1 ||     2
       Mephitic Cloud    |       |       |       |       |     1 ||     1
Evoke: Wand              |       |       |       |     1 |    25 ||    26
  Use: Scroll            |     8 |     2 |     8 |    13 |    23 ||    54
       Potion            |       |     5 |     6 |     9 |    14 ||    34
 Stab: Sleeping          |     1 |       |       |     3 |     6 ||    10
  Eat: Chunk             |     3 |     5 |    15 |    28 |    26 ||    77
       Fruit             |       |     2 |     2 |    11 |    18 ||    33
       Pizza             |       |     1 |     1 |     1 |     2 ||     5
       Royal jelly       |       |       |     2 |     3 |     1 ||     6
       Bread ration      |       |       |     1 |     2 |     1 ||     4
       Beef jerky        |       |       |       |     3 |     2 ||     5
Armor: Robe              |     5 |    11 |     3 |       |       ||    19
       Leather armour    |       |       |   102 |   198 |   263 ||   563
Dodge: Dodged            |    14 |    28 |   218 |   339 |   521 ||  1120
Block: Buckler           |       |       |       |    64 |   230 ||   294
